 Dungeon Crawl Stone Soup version 0.30.0-17-ge0270778cf (webtiles) character file.

Game seed: 6658819525666420299

169 Descartes the Sneak (level 5, -5/24 HPs)
             Began as a Spriggan Conjurer on May 21, 2023.
             Was an Initiate of Gozag.
             Slain by an ogre
             ... wielding a +0 giant club
              (29 damage)
             ... on level 4 of the Dungeon.
             The game lasted 00:08:37 (4815 turns).

Descartes the Sneak (Spriggan Conjurer)             Turns: 4815, Time: 00:08:39

Health: -5/24      AC:  4    Str:  5    XL:     5   Next: 25%
Magic:  6/11       EV: 19    Int: 19    God:    Gozag
Gold:   227        SH:  0    Dex: 20    Spells: 8/11 levels left

rFire   . . .        g - +0 short sword
rCold   . . .        (no shield)
rNeg    . . .        a - +0 robe
rPois   .            v - +2 hat
rElec   .            (no cloak)
rCorr   .            (gloves unavailable)
SInv    +            (boots unavailable)
Will    .....        x - amulet of the acrobat
Stlth   +++          d - +6 ring of dexterity
HPRegen 0.24/turn    (no ring)
MPRegen 0.12/turn

%: acrobat
@: very slightly contaminated, very quick
A: very small, no large weapons, unfitting armour, see invisible, speed 3
a: Renounce Religion, Potion Petition, Call Merchant, Bribe Branch


You were on level 4 of the Dungeon.
You worshipped Gozag.
Gozag was aware of your devotion.
You visited 1 branch of the dungeon, and saw 4 of its levels.

You collected 268 gold pieces.
You paid 41 gold pieces to Gozag.

Inventory:

Hand Weapons
 g - a +0 short sword (weapon)
Missiles
 h - 31 stones
 i - 8 poisoned darts
Armour
 a - a +0 robe (worn)
 v - a +2 hat (worn)
Magical Staves
 y - a staff of fire
Jewellery
 d - a +6 ring of dexterity (left hand)
 x - an amulet of the acrobat (around neck)
Scrolls
 c - 2 scrolls of fear {unknown}
 e - a scroll of noise {unknown}
 j - 5 scrolls of identify {unknown}
 l - a scroll of magic mapping {unknown}
 n - a scroll of fog {unknown}
 o - a scroll of acquirement {unknown}
 r - 3 scrolls of teleportation
 s - a scroll of enchant armour {unknown}
 w - a scroll of amnesia {unknown}
Potions
 b - a potion of magic
 f - 4 potions of curing {unknown}
 k - 2 potions of haste {unknown}
 m - a potion of resistance {unknown}
 p - a potion of mutation {unknown}
 q - a potion of flight {unknown}
 t - a potion of attraction {unknown}
 u - a potion of might {unknown}


   Skills:
 + Level 1.7 Short Blades
 + Level 3.8 Dodging
 + Level 4.5 Stealth
 + Level 3.6 Spellcasting
 + Level 3.3 Conjurations
 + Level 1.5 Transmutations
 + Level 1.1 Earth Magic


You had 8 spell levels left.
You knew the following spells:

 Your Spells              Type           Power      Damage    Failure   Level
a - Magic Dart            Conj           64%        1d6       3%          1
b - Passwall              Tmut/Erth      6%         N/A       12%         2

Your spell library contained the following spells:

 Spells                   Type           Power      Damage    Failure   Level
 Searing Ray              Conj           32%        2d5       5%          2
 Sandblast                Erth           14%        2d6       9%          1
 Stone Arrow              Conj/Erth      24%        3d8       17%         3
 Cigotuvi's Dreadful Rot  Necr/Pois/Air  6%         N/A       22%         2
 Dazzling Flash           Conj/Hex       18%        N/A       22%         3
 Ignite Poison            Fire/Tmut/Pois 5%         N/A       34%         3
 Fulminant Prism          Conj/Hex       4%         3d5       56%         4
 Iskenderun's Mystic Bla  Conj/Tloc      9%         2d4       56%         4
 Freezing Cloud           Conj/Ice/Air   3%         6-21      94%         5


Dungeon Overview and Level Annotations

Branches:
Dungeon (4/15)
 Temple: D:4-7

Altars:
Gozag
Uskayaw
The Shining One

Portals:
Abyss: D:3

Annotations:
D:3 2 transporters, Sensen's ghost, amateur TrBe


Innate Abilities, Weirdness & Mutations

You are very small and have problems with some larger weapons.
You are too small for most types of armour.
You have supernaturally acute eyesight. (SInv)
You cover ground extremely quickly. (Speed+++)


Message History

Confirm with . or Enter, or press ? or * to list all spells.
Aiming: Magic Dart (safe; 3% risk of failure)
Press: ? - help, Shift-Dir - straight line, f - ogre
Aim: an ogre, wielding a +0 giant club (asleep, 100% to hit)
The magic dart hits the ogre.
The ogre is lightly wounded.
The ogre shouts!
Casting: Magic Dart (safe; 3% risk of failure)
Confirm with . or Enter, or press ? or * to list all spells.
Aiming: Magic Dart (safe; 3% risk of failure)
Press: ? - help, Shift-Dir - straight line, f/p - ogre
Aim: an ogre, wielding a +0 giant club (lightly wounded, 100% to hit)
You miscast Magic Dart.
You are very lightly contaminated with residual magic.
Nothing appears to happen.
Casting: Magic Dart (safe; 3% risk of failure)
Confirm with . or Enter, or press ? or * to list all spells.
Aiming: Magic Dart (safe; 3% risk of failure)
Press: ? - help, Shift-Dir - straight line, f/p - ogre
Aim: an ogre, wielding a +0 giant club (lightly wounded, 100% to hit)
The magic dart hits the ogre.
The ogre is moderately wounded.
Casting: Magic Dart (safe; 3% risk of failure)
Confirm with . or Enter, or press ? or * to list all spells.
Aiming: Magic Dart (safe; 3% risk of failure)
Press: ? - help, Shift-Dir - straight line, f/p - ogre
Aim: an ogre, wielding a +0 giant club (moderately wounded, 100% to hit)
The magic dart hits the ogre.
The ogre is moderately wounded.
Casting: Magic Dart (safe; 3% risk of failure)
Confirm with . or Enter, or press ? or * to list all spells.
Aiming: Magic Dart (safe; 3% risk of failure)
Press: ? - help, Shift-Dir - straight line, f/p - ogre
Aim: an ogre, wielding a +0 giant club (moderately wounded, 100% to hit)
The magic dart hits the ogre.
The ogre is heavily wounded.
The ogre hits you with a +0 giant club!!
Ouch! That really hurt!
You die...
Your body crumbles into a pile of gold.

#.##...##..# .# #.#
#.#######..# .# #.. #.#
#..# ### #.# #..# #.#
#..# # #.# #..########.#
#.# #...........#.
###.#######.#####.......
#...............@.......
###########.#####O......
..........#.# .......
.......##.#.## .......
...#.........# .......
.#.#.#.##.#..# ...$...
.#..<#.##.#..# ...?...
.###......#..# .......
.###.####.#..#


You could see an ogre.

Vanquished Creatures
  A centaur skeleton (D:4)
  4 gnolls (D:2)
  3 adders
  An adder zombie (D:4)
  A worm (D:3)
  A dart slug (D:1)
  2 orcs (D:3)
  4 endoplasms (D:1)
  2 giant cockroaches
  3 goblins
  2 hobgoblins
  3 jackals (D:1)
  8 kobolds
  3 quokkas
  8 ball pythons
  3 bats
  3 frilled lizards
  A goblin skeleton (D:3)
  2 hobgoblin zombies (D:3)
  3 kobold skeletons (D:3)
  A kobold zombie (D:3)
  An orc skeleton (D:3)
  11 rats
71 creatures vanquished.

Notes
Turn   | Place    | Note
-------+----------+-------------------------------------------
     0 | D:1      | Descartes the Spriggan Conjurer began the quest for the
                  | Orb.
     0 | D:1      | Reached XP level 1. HP: 9/9 MP: 5/5
   287 | D:1      | Reached XP level 2. HP: 13/13 MP: 4/6
  1036 | D:1      | Reached XP level 3. HP: 16/16 MP: 6/8
  1071 | D:1      | Learned a level 2 spell: Passwall
  1117 | D:1      | Found a faded altar of an unknown god.
  1122 | D:1      | You fall into a shaft and drop 1 floor!
  1850 | D:1      | Reached skill level 4 in Stealth
  2290 | D:2      | Reached skill level 1 in Short Blades
  2290 | D:2      | Reached XP level 4. HP: 21/21 MP: 3/10
  2746 | D:3      | Found a glowing golden altar of the Shining One.
  2833 | D:2      | Reached skill level 1 in Transmutations
  3136 | D:3      | Found a transporter.
  3136 | D:3      | Noticed a small abomination
  3141 | D:3      | Found a transporter.
  3152 | D:3      | Noticed a small abomination
  3251 | D:3      | Found a one-way gate to the infinite horrors of the Abyss.
  3251 | D:3      | Noticed Sensen's ghost (amateur TrBe)
  3291 | D:3      | Found a hide-covered altar of Uskayaw.
  3389 | D:3      | Found an opulent altar of Gozag.
  3396 | D:3      | Became a worshipper of Gozag Ym Sagoz the Greedy
  3456 | D:3      | Reached skill level 1 in Earth Magic
  3615 | D:3      | Identified the +2 pair of boots "Umerixur" {rC+ Int+2 SInv}
  4444 | D:4      | Reached XP level 5. HP: 24/24 MP: 9/11
  4810 | D:4      | Noticed an ogre
  4815 | D:4      | Slain by an ogre

Illustrated notes

Levels and vault maps discovered:
D:1:      dpeg_chamrin_arrival_tetris, layout_basic, serial_glass,
          glass_columns_c, glass_columns_c, glass_columns_a, glass_columns_b,
          ebering_ecumenical_altar_abandoned
D:2:      layout_loops_ring
D:3:      layout_loops_corners, lemuel_doored_altar,
          nicolae_tso_besieged_by_evil, mainiacjoe_overflow_alcove_2,
          gammafunk_ghost_abyssal_escape
D:4:      layout_basic, serial_undead, serial_undead_f, serial_undead_b,
          serial_undead_b, serial_undead_f, uniq_edmund

Skill      XL: |  1  2  3  4 |
---------------+-------------+-----
Conjurations   | 3 |  3.3
Dodging        | 3 |  3.8
Spellcasting   | 3 |  3.6
Stealth        | 4 |  4.5
Short Blades   | 1 |  1.7
Transmutations | 1 |  1.5
Earth Magic    | 1 |  1.1

Action                     |  1- 3 |  4- 6 || total
---------------------------+-------+-------++-------
  Melee: Short sword       |       |    18 ||    18
   Cast: Magic Dart        |   104 |   119 ||   223
 Armour: Robe              |       |     2 ||     2
  Dodge: Dodged            |     6 |    41 ||    47
